 Dungeon Crawl Stone Soup version 0.28.0 (webtiles) character file.

Game seed: 9626246627407785054

187193 Colgate the Spry (level 19, -1/131 HPs)
             Began as a Djinni Fire Elementalist on Feb 6, 2022.
             Was the Champion of Makhleb.
             Killed by miscasting Orb of Destruction (21 damage)
             ... on level 4 of the Swamp.
             The game lasted 05:44:51 (38368 turns).

Colgate the Spry (Djinni Fire Elementalist)        Turns: 38368, Time: 05:44:55

Health: -1/131     AC: 12    Str: 11    XL:     19   Next: 20%
Gold:   866        EV: 28    Int: 25    God:    Makhleb [******] SH: 11 Dex: 19

rFire   + + +      SeeInvis .   S - staff of fire
rCold   x . .      Faith    .   I - +3 buckler {AC+3}
rNeg    . . .      Spirit   .   c - +1 robe {Archmagi}
rPois   ∞          Reflect  .   R - +2 hat
rElec   .          Harm     +   V - scarf {harm}
rCorr   .          Rampage  .   b - +2 pair of gloves {Dex+3}
Will    +....      Archmagi +   (boots unavailable)
Stlth   +++.......              Q - amulet of regeneration
HPRegen 1.11/turn               Z - +4 ring of evasion
MPRegen 0.00/turn               a - +6 ring of intelligence

@: flying, slightly contaminated
A: sickness immunity, fire resistance 2, cold vulnerability 1, float, innate
caster, HP casting, extra vitality 1
a: Renounce Religion, Minor Destruction, Lesser Servant of Makhleb, Major
Destruction, Greater Servant of Makhleb


You were on level 4 of the Swamp.
You worshipped Makhleb.
Makhleb was exalted by your worship.
You visited 6 branches of the dungeon, and saw 29 of its levels.
You visited the Abyss 1 time.
You visited 1 bazaar.
You also visited: Ice Cave and Volcano.

You collected 3234 gold pieces.
You spent 2368 gold pieces at shops.

Inventory:

Hand Weapons
 h - a +5 broad axe of freezing
Missiles
 i - 9 atropa-tipped darts
 n - 3 boomerangs of dispersal
 v - 3 throwing nets
 z - 37 poisoned darts
 D - 8 javelins
Armour
 b - a +2 pair of gloves of dexterity (worn)
 c - a +1 robe of the Archmagi (worn)
 I - a +3 buckler of protection (worn)
 R - a +2 hat (worn)
 V - a scarf of harm (worn)
Magical Staves
 S - a staff of fire (weapon)
Jewellery
 a - a +6 ring of intelligence (right hand)
 d - a ring of protection from cold
 j - a ring of positive energy
 t - a ring of resist corrosion
 B - a ring of positive energy
 H - a ring of wizardry
 Q - an amulet of regeneration (around neck)
 W - a ring of willpower
 Z - a +4 ring of evasion (left hand)
Wands
 k - a wand of acid (3)
 l - a wand of flame (48)
 m - a wand of iceblast (25)
 o - a wand of polymorph (6)
 x - a wand of digging (6)
 C - a wand of mindburst (19)
 K - a wand of charming (22)
Scrolls
 e - a scroll of enchant armour
 f - a scroll of enchant weapon {unknown}
 g - 15 scrolls of teleportation
 p - 2 scrolls of fog
 q - 5 scrolls of immolation
 r - 4 scrolls of blinking
 s - 2 scrolls of silence
 u - 2 scrolls of torment
 y - 2 scrolls of summoning
 F - 3 scrolls of holy word
Potions
 w - 2 potions of attraction
 A - 5 potions of cancellation
 E - 5 potions of brilliance
 G - 14 potions of curing
 L - 5 potions of ambrosia
 M - 4 potions of haste
 N - 10 potions of heal wounds
 O - a potion of invisibility
 T - 3 potions of lignification
Miscellaneous
 J - a box of beasts
 P - a tin of tremorstones (2/2)
 U - a phantom mirror
 X - a phial of floods
 Y - a piece from Xom's chessboard (15/15)


   Skills:
 - Level 10.8 Fighting
 - Level 14.0 Armour
 - Level 18.0 Dodging
 - Level 4.5 Stealth
 + Level 14.1 Shields
 - Level 12.9 Spellcasting
 - Level 8.0 Invocations
 - Level 2.3 Evocations


You couldn't memorise any spells.
You knew the following spells:

 Your Spells              Type           Power      Damage    Failure   Level
a - Foxfire               Conj/Fire      100%       2x1d9     1%          1
b - Scorch                Fire           100%       2d10      1%          2
c - Conjure Flame         Conj/Fire      100%       6-21      1%          3
d - Inner Flame           Hex/Fire       100%       N/A       1%          3
e - Flame Wave            Conj/Fire      100%       2d17      1%          4
f - Freeze                Ice            100%       1d11      1%          1
g - Corpse Rot            Necr/Air       100%       N/A       1%          2
h - Mephitic Cloud        Conj/Pois/Air  88%        N/A       1%          3
i - Iskenderun's Mystic   Conj/Tloc      88%        2d17      1%          4
j - Agony                 Necr           88%        N/A       1%          5
k - Metabolic Englaciati  Hex/Ice        44%        N/A       1%          5
l - Starburst             Conj/Fire      55%        6d15      3%          6
m - Summon Cactus Giant   Summ           44%        N/A       3%          6
n - Orb of Destruction    Conj           44%        9d12      17%         7
Your spell library was empty.

Dungeon Overview and Level Annotations

Branches:
Dungeon (15/15)            Temple (1/1) D:5            Lair (6/6) D:11
  Swamp (4/4) Lair:4        Snake (1/4) Lair:2        Slime (0/5) Lair:6
    Orc (2/2) D:12            Elf (0/3) Orc:2        Vaults (0/5) D:13
 Depths (0/4) D:15          IceCv (visited)         Volcano (visited)

Altars:
Cheibriados
Dithmenos
Elyvilon
Gozag
Kikubaaqudgha
Makhleb
Nemelex Xobeh
Ru
Sif Muna
Trog
Xom
Beogh
Jiyva

Shops:
D:13 (   D:14 :   Orc:2 *=*[

Portals:
Trove: D:11 (give +6 demon blade)

Annotations:
D:15 2 transporters, Uvinaotu's ghost, journeyman MiFi
Lair:4 exclusion: 2 oklob plants


Innate Abilities, Weirdness & Mutations

You are immune to sickness and miasma.
You are immune to poison.
Your flesh is very heat resistant. (rF++)
You are vulnerable to cold. (rC-)
You float through the air rather than walking.
You learn spells naturally, not from books.
Your magical power is your life essence.
You have superior vitality. (+4 MHP)


Message History

Aim: a deep elf zephyrmancer, wielding a +0 long sword (ally target)
Okay, then.
Unknown command.
The foxfire hits the deep elf zephyrmancer.
The deep elf zephyrmancer is lightly wounded.
A swamp dragon comes into view.
The foxfire hits the deep elf zephyrmancer!
The deep elf zephyrmancer is moderately wounded.
The deep elf zephyrmancer is engulfed in a cloud of scalding steam.
Unknown command.
Aiming: Orb of Destruction (dangerous; 17% risk of failure)
Press: ? - help, Q - select action, (/) - cycle Shift-Dir - straight line, f - deep elf zephyrmancer
Aim: a deep elf zephyrmancer, wielding a +0 long sword (heavily wounded)
You feel a surge of power!
The swamp dragon breathes poison at you.
The deep elf zephyrmancer casts a spell at you.
The bolt of lightning hits you!!
* * * LOW HITPOINT WARNING * * *
You hear a shout!
Aiming: Orb of Destruction (dangerous; 17% risk of failure)
Press: ? - help, Q - select action, (/) - cycle Shift-Dir - straight line, f/p - deep elf zephyrmancer
Aim: a deep elf zephyrmancer, wielding a +0 long sword (heavily wounded, ally target)
You feel a surge of power!
You miscast Orb of Destruction.
You are very lightly contaminated with residual magic.
You are blasted with magical energy!
* * * LOW HITPOINT WARNING * * *
* * * LOW HITPOINT WARNING * * *
The orb of destruction hits the deep elf zephyrmancer!!!
You blow up the deep elf zephyrmancer!
Makhleb accepts your kill.
You feel better.
The sixfirhy is engulfed in a cloud of scalding steam.
An orange demon comes into view.
Aiming: Orb of Destruction (dangerous; 17% risk of failure)
Press: ? - help, Q - select action, (/) - cycle Shift-Dir - straight line, f - sixfirhy
Aim: a sixfirhy (magical condensation, lightly wounded)
You feel a surge of power!
You miscast Orb of Destruction.
You are lightly contaminated with residual magic.
You are blasted with magical energy!!
You die...

.##≈# ...≈.≈....≈
#4#.≈##....≈.≈≈≈≈
#§≈§♣#.≈.....$.≈
#).≈.##..≈.≈....
#≈3○.♣#≈D§≈.≈≈≈)
#♣.○○○○#○≈.≈.≈≈≈.
##≈≈)≈○○°#.§§§.≈.§
#...≈≈☼○☼#≈§.≈...≈
##≈≈≈@≈≈○#≈≈§.....
###♣.≈≈≈#.≈≈≈..≈.
##♣≈.#...≈...≈
#♣≈#≈.≈...≈.
###.≈....≈≈
#.≈...≈.≈.
#..≈...≈..
#..≈..≈..≈
#♣..≈)....§


You could see a swamp dragon (catching breath), an orange demon (wandering) and
a sixfirhy.

Vanquished Creatures
  Nikola (Swamp:1)
  A tentacled monstrosity (Swamp:3)
  A thorn hunter (Swamp:1)
  A storm dragon (D:12)
  A reaper (IceCv)
  A stone giant (D:15)
  An eleionoma (Swamp:2)
  3 bunyips
  The ghost of Fuxod the Fighter, a journeyman GnWn of Xom (Lair:3)
  Snorg (D:11)
  Josephine (D:11)
  2 shambling mangroves
  2 ice dragons (Swamp:2)
  A rakshasa (D:15)
  4 ogre magi (Orc:2)
  6 boulder beetles
  14 hydras
  4 catoblepae
  5 centaur warriors
  19 two-headed ogres
  20 death yaks
  Erica (D:11)
  4 tengu warriors
  A dancing weapon (Orc:2)
  4 alligators
  A spriggan berserker (Swamp:4)
  A hell knight (D:15)
  A sun demon (Volcano)
  Sonja (D:11)
  A fire crab (Lair:5)
  9 skeletal warriors
  2 bunyip zombies (Swamp:1)
  4 goliath frogs
  A deep troll (D:15)
  4 spriggan druids
  9 bog bodies
  2 obsidian statues (IceCv)
  3 wizards
  2 lindwurms (Swamp:2)
  A deep elf zephyrmancer (Swamp:4)
  2 necromancers
  4 orc sorcerers
  2 will-o-the-wisps
  2 orc knights (D:15)
  2 wolf spiders (Lair:6)
  2 cyclopes
  2 deep elf pyromancers (D:15)
  3 manticores
  6 ugly things
  14 black mambas
  2 torpor snails
  A guardian serpent (Lair:6)
  17 elephants
  A molten gargoyle (Volcano)
  Joseph (D:10)
  22 cane toads
  2 unseen horrors
  An orange demon (Swamp:4)
  2 gargoyles
  8 rime drakes
  17 komodo dragons
  A bunyip simulacrum (Swamp:1)
  An entropy weaver simulacrum (IceCv)
  2 tengu conjurers (D:13)
  An ancient zyme (Abyss:3)
  12 freezing wraiths
  A hellwing (Swamp:4)
  4 yaktaurs (D:15)
  3 meliai (Lair:4)
  2 golden dragon simulacra (IceCv)
  4 bloated husks
  13 polar bears
  A queen bee (Lair:4)
  8 trolls
  3 red devils (Volcano)
  5 tyrant leeches
  14 hornets
  11 slime creatures
  11 blink frogs
  2 raiju (Lair:6)
  A centaur simulacrum (D:15)
  13 spriggans
  21 wyverns
  Sigmund (D:2)
  2 water elementals (D:15)
  2 shadows
  3 vampires
  23 yaks
  6 wraiths
  9 basilisks
  3 steam dragons
  2 fire bats (Volcano)
  A redback (Lair:6)
  A chaos spawn (Swamp:4)
  8 vampire mosquitoes
  2 nagas (Lair:2)
  An acid dragon (D:11)
  20 swamp worms
  7 wargs
  7 hydra simulacra
  23 water moccasins
  6 hell hounds (Lair:6)
  16 orc warriors
  4 necrophages
  2 swamp drakes
  6 ice beasts
  3 swamp dragon zombies (Swamp:1)
  12 black bears
  3 ettin simulacra (IceCv)
  A sky beast (D:6)
  An alligator simulacrum (Swamp:1)
  21 wolves
  28 ogres
  3 centaurs
  9 bullfrogs
  3 kobold brigands
  7 gnoll sergeants (D:12)
  2 deep troll simulacra (IceCv)
  A scorpion (D:5)
  36 killer bees (Lair:4)
  8 howler monkeys
  9 wights
  3 electric eels
  10 centaur zombies
  6 lava snakes (Volcano)
  8 hounds
  Crazy Yiuf (D:4)
  15 orc priests
  5 jellies
  A bullfrog skeleton (D:5)
  A centaur skeleton (D:7)
  A gnoll shaman (D:4)
  Jessica (D:2)
  Natasha (thrice) (D:4)
  An iguana (D:5)
  10 orc wizards
  6 hell rats (Lair:3)
  5 polar bear simulacra (D:11)
  A yak simulacrum (D:11)
  A killer bee zombie (D:6)
  4 wolf simulacra (D:11)
  A howler monkey zombie (D:9)
  10 adders
  16 gnolls
  A howler monkey skeleton (D:7)
  3 river rats
  A shadow imp (D:6)
  2 white imps (D:15)
  3 ufetubi
  An adder skeleton (D:4)
  3 worms
  The ghost of wpisznazwe the Covert, a weakling GnDe (D:6)
  3 dart slugs
  69 orcs
  10 bats
  5 endoplasms
  3 giant cockroaches
  7 hobgoblins
  4 jackals (D:2)
  15 kobolds
  2 quokkas
  10 ball pythons
  8 frilled lizards
  8 goblins
  13 rats
  A river rat simulacrum (D:11)
  2 briar patches (Swamp:1)
  3 foxfires (D:12)
  2 plants (Lair:4)
981 creatures vanquished.

Vanquished Creatures (collateral kills)
  The ghost of dricus the Warrior, a journeyman HOFi of Ignis (Orc:2)
  A reaper (IceCv)
  2 fire dragons (Swamp:2)
  A two-headed ogre (Orc:1)
  A goliath frog (Swamp:2)
  A lindwurm (Swamp:2)
  A slime creature (D:14)
  An efreet (D:15)
  A dream sheep (Lair:6)
  7 hell hounds (Lair:6)
  9 foxfires
26 creatures vanquished.

Vanquished Creatures (others)
  A centaur warrior (D:14)
  A bog body (Swamp:1)
  A centaur (D:14)
  6 bushes (Lair:6)
  1648 foxfires
  80 fungi
  187 plants
1924 creatures vanquished.

Grand Total: 2931 creatures vanquished

Notes
Turn   | Place    | Note
-------+----------+-------------------------------------------
     0 | D:1      | Colgate the Djinni Fire Elementalist began the quest for
                  | the Orb.
     0 | D:1      | Reached XP level 1. HP: 15/15 MP: 0/0
   133 | D:1      | Reached XP level 2. HP: 12/21 MP: 0/0
  1012 | D:1      | Reached XP level 3. HP: 18/25 MP: 0/0
  1012 | D:1      | Learned a level 1 spell: Freeze
  1455 | D:2      | Identified the +5 ring mail of the Crushed Artists {rElec
                  | Regen+ Str-5}
  1969 | D:2      | Noticed Jessica
  1973 | D:2      | Killed Jessica
  1974 | D:2      | Reached XP level 4. HP: 26/31 MP: 0/0
  2204 | D:2      | Noticed Sigmund
  2375 | D:2      | Killed Sigmund
  2376 | D:2      | Reached skill level 5 in Spellcasting
  2376 | D:2      | Reached XP level 5. HP: 28/35 MP: 0/0
  2376 | D:2      | Learned a level 2 spell: Corpse Rot
  2376 | D:2      | Reached XP level 6. HP: 32/40 MP: 0/0
  3186 | D:3      | Found a sparkling altar of Nemelex Xobeh.
  3260 | D:5      | Entered Level 5 of the Dungeon
  3600 | D:3      | Found a faded altar of an unknown god.
  3869 | D:3      | Reached XP level 7. HP: 40/45 MP: 0/0
  3869 | D:3      | Learned a level 3 spell: Mephitic Cloud
  4583 | D:4      | Noticed Natasha
  4589 | D:4      | Killed Natasha
  5030 | D:4      | Found a runed translucent door.
  5031 | D:4      | Noticed Crazy Yiuf
  5038 | D:4      | Killed Crazy Yiuf
  5418 | D:4      | Noticed Natasha
  5421 | D:4      | Killed Natasha
  5422 | D:4      | Reached XP level 8. HP: 47/50 MP: 0/0
  5515 | D:4      | Noticed Natasha
  6611 | D:4      | Killed Natasha
  7404 | D:4      | Reached XP level 9. HP: 8/55 MP: 0/0
  7404 | D:4      | Learned a level 4 spell: Iskenderun's Mystic Blast
  8188 | D:5      | Found a staircase to the Ecumenical Temple.
  9443 | D:6      | Found a runed translucent gate.
  9443 | D:6      | Noticed wpisznazwe's ghost (weakling GnDe)
  9447 | D:6      | Found a runed translucent gate.
  9448 | D:6      | Found a runed translucent gate.
  9561 | D:6      | Found a bloodstained altar of Trog.
  9812 | Temple   | Entered the Ecumenical Temple
  9820 | Temple   | Became a worshipper of Makhleb the Destroyer
 10278 | D:6      | Noticed a hornet
 10280 | D:6      | Noticed a cyclops
 10290 | D:6      | Noticed a two-headed ogre
 10292 | D:6      | Killed a cyclops
 10293 | D:6      | Reached skill level 10 in Spellcasting
 10565 | D:6      | Reached XP level 10. HP: 30/60 MP: 0/0
 11156 | D:6      | Killed a two-headed ogre
 11443 | D:6      | Killed wpisznazwe's ghost
 12021 | D:7      | Found a snail-covered altar of Cheibriados.
 12427 | D:7      | Reached XP level 11. HP: 81/81 MP: 0/0
 12427 | D:7      | Learned a level 5 spell: Agony
 12428 | D:7      | Reached skill level 10 in Fighting
 12428 | D:7      | Reached XP level 12. HP: 93/93 MP: 0/0
 12580 | D:7      | Noticed a boulder beetle
 12598 | D:7      | Killed a boulder beetle
 12984 | D:7      | Reached skill level 1 in Shields
 13342 | D:7      | Found a snail-covered altar of Cheibriados.
 13722 | D:8      | Reached * piety under Makhleb
 15004 | D:9      | Noticed a centaur warrior
 15012 | D:9      | Killed a centaur warrior
 15441 | D:9      | Noticed a two-headed ogre
 15452 | D:9      | Killed a two-headed ogre
 15453 | D:9      | Reached XP level 13. HP: 93/98 MP: 0/0
 15453 | D:9      | Learned a level 5 spell: Metabolic Englaciation
 15541 | D:10     | Entered Level 10 of the Dungeon
 15567 | D:10     | Reached skill level 3 in Dodging
 15751 | D:10     | Reached skill level 4 in Dodging
 16112 | D:10     | Reached ** piety under Makhleb
 16284 | D:10     | Reached skill level 5 in Dodging
 16547 | D:10     | Reached skill level 6 in Dodging
 16805 | D:10     | Noticed Joseph
 16814 | D:10     | Killed Joseph
 17079 | D:11     | Found a staircase to the Lair.
 17105 | D:11     | Reached skill level 5 in Shields
 17129 | D:11     | Reached skill level 7 in Dodging
 17184 | D:11     | Identified the +6 ring mail "Vuafogeo" {Contam rC+ Dex+3
                  | Stlth+}
 17215 | D:11     | Noticed Snorg
 17231 | D:11     | Killed Snorg
 17234 | D:11     | Noticed Josephine
 17327 | D:11     | Reached skill level 8 in Dodging
 17329 | D:11     | Found a portal to a secret trove of treasure.
 17437 | D:11     | Reached skill level 1 in Armour
 17450 | D:11     | Killed Josephine
 17547 | D:11     | Noticed Sonja
 17557 | D:11     | Killed Sonja
 17573 | D:11     | Noticed Erica
 17580 | D:11     | Killed Erica
 17801 | D:12     | Reached skill level 5 in Armour
 17851 | D:12     | Reached *** piety under Makhleb
 17956 | D:12     | Noticed a centaur warrior
 17969 | D:12     | Killed a centaur warrior
 17970 | D:12     | Reached XP level 14. HP: 68/103 MP: 0/0
 18405 | D:12     | Found a staircase to the Orcish Mines.
 18630 | D:12     | Reached skill level 9 in Dodging
 18632 | D:12     | Noticed a storm dragon
 18705 | D:12     | Killed a storm dragon
 19224 | D:12     | Found a staircase to the Orcish Mines.
 19392 | Lair:1   | Entered Level 1 of the Lair of Beasts
 19425 | Lair:1   | Found a dark tunnel.
 19438 | Volcano  | Entered a volcano
 19608 | Volcano  | Found a burning altar of Makhleb.
 19684 | Volcano  | Reached skill level 1 in Evocations
 20651 | Lair:2   | Reached **** piety under Makhleb
 20821 | Lair:2   | Found a staircase to the Snake Pit.
 20856 | Snake:1  | Entered Level 1 of the Snake Pit
 20977 | Lair:2   | Identified the +0 chain mail "Moarory" {rPois rN+ Int+2
                  | Dex-3}
 21547 | Lair:3   | Reached skill level 10 in Dodging
 21883 | Lair:3   | Reached XP level 15. HP: 94/109 MP: 0/0
 21883 | Lair:3   | Learned a level 6 spell: Starburst
 22251 | Lair:2   | Found a staircase to the Snake Pit.
 22551 | Lair:3   | Found a runed translucent gate.
 22552 | Lair:3   | Found a runed translucent gate.
 22552 | Lair:3   | Found a runed translucent gate.
 22559 | Lair:3   | Noticed Fuxod's ghost (journeyman GnWn)
 22562 | Lair:3   | Found a viscous altar of Jiyva.
 22607 | Lair:3   | Reached ***** piety under Makhleb
 22819 | Lair:3   | Reached skill level 11 in Dodging
 23054 | Lair:4   | Found a staircase to the Swamp.
 23058 | Lair:4   | Reached skill level 10 in Shields
 23137 | Lair:4   | Identified the +1 scale mail of Hepliaklqana's Esteem
                  | {rElec Regen+ Str+5}
 23282 | Lair:4   | Reached skill level 10 in Armour
 23470 | Lair:4   | Reached skill level 12 in Dodging
 23812 | Lair:3   | Killed Fuxod's ghost
 24009 | Lair:4   | Reached ****** piety under Makhleb
 24182 | Lair:4   | Reached XP level 16. HP: 112/115 MP: 0/0
 25468 | Lair:6   | Entered Level 6 of the Lair of Beasts
 26561 | Lair:6   | Found a staircase to the Slime Pits.
 26562 | Lair:6   | Found a viscous altar of Jiyva.
 26626 | Lair:6   | Reached skill level 13 in Dodging
 27512 | Lair:6   | Reached skill level 14 in Dodging
 28057 | Lair:6   | Reached XP level 17. HP: 96/121 MP: 0/0
 28057 | Lair:6   | Learned a level 6 spell: Summon Cactus Giant
 28581 | Orc:1    | Entered Level 1 of the Orcish Mines
 28869 | Orc:2    | Entered Level 2 of the Orcish Mines
 29034 | Orc:2    | Found a runed translucent door.
 29060 | Orc:2    | Found a staircase to the Elven Halls.
 29080 | Orc:2    | Found a shimmering altar of Xom.
 29080 | Orc:2    | Noticed dricus's ghost (journeyman HOFi)
 29172 | Orc:2    | Found Haelejyt's Assorted Antiques.
 29172 | Orc:2    | Found Jueneus's Jewellery Emporium.
 29202 | Orc:2    | Found Dopsis's Antique Armour Shop.
 29202 | Orc:2    | Found Ujufeif's Assorted Antiques.
 29799 | Orc:2    | Killed dricus's ghost
 29868 | Orc:1    | Reached skill level 15 in Dodging
 30412 | D:13     | Reached skill level 1 in Invocations
 30528 | D:13     | Cast into level 2 of the Abyss (a wizard)
 30535 | Abyss:2  | Found a corrupted altar of Lugonu.
 30599 | D:13     | Escaped the Abyss
 30865 | D:13     | Reached skill level 5 in Invocations
 31057 | D:13     | Found a gate to the Vaults.
 31184 | D:13     | Found Iliygob's Antique Weapon Shoppe.
 31417 | D:13     | Found Iliygob's Antique Weapon Shoppe.
 31571 | D:13     | Found a gate to the Vaults.
 31952 | D:14     | Found Efeihis's Book Emporium.
 32022 | D:14     | Found a flickering gateway to a bazaar.
 32065 | Bazaar   | Entered a bazaar
 32065 | Bazaar   | Found Weviolai's Magic Scroll Shoppe.
 32065 | Bazaar   | Found Jeliwn's Jewellery Emporium.
 32085 | Bazaar   | Found Goimauts's Antique Armour Shoppe.
 32101 | Bazaar   | Found Fimouqamn's Armour Emporium.
 32123 | Bazaar   | Bought an ichor-stained robe for 114 gold pieces
 32123 | Bazaar   | Identified the +2 robe "Hothim" {*Corrode +Blink Dex+5}
                  | (You bought it in a shop in a bazaar)
 32137 | Bazaar   | Bought a +1 pair of gloves of dexterity for 165 gold pieces
 32157 | Bazaar   | Bought a ring of positive energy for 220 gold pieces
 32157 | Bazaar   | Bought a ring of protection from cold for 275 gold pieces
 32157 | Bazaar   | Bought a ring of willpower for 275 gold pieces
 32157 | Bazaar   | Bought a ring of positive energy for 220 gold pieces
 32163 | Bazaar   | Bought a scroll of teleportation for 30 gold pieces
 32163 | Bazaar   | Bought a scroll of enchant armour for 75 gold pieces
 33434 | D:15     | Entered Level 15 of the Dungeon
 33595 | D:15     | Found a frozen archway.
 33598 | D:15     | Reached XP level 18. HP: 126/126 MP: 0/0
 33646 | IceCv    | Entered an ice cave
 33978 | IceCv    | Found the +4 skin of Zhor {*Englaciate rC+++ SInv}
 34327 | D:15     | Reached skill level 16 in Dodging
 34404 | D:15     | Found a transporter.
 34414 | D:15     | Found a transporter.
 34419 | D:15     | Noticed Uvinaotu's ghost (journeyman MiFi)
 34569 | D:15     | Found a staircase to the Depths.
 35103 | Swamp:1  | Entered Level 1 of the Swamp
 35273 | Orc:2    | Bought a +6 ring of intelligence for 994 gold pieces
 35618 | Swamp:1  | Noticed Nikola
 35627 | Swamp:1  | Killed Nikola
 36896 | Swamp:2  | Identified the +0 pair of gloves of Inference {Stlth+}
 37514 | Swamp:3  | Noticed a tentacled monstrosity
 37517 | Swamp:3  | Reached skill level 17 in Dodging
 37525 | Swamp:3  | Killed a tentacled monstrosity
 37574 | Swamp:3  | Reached XP level 19. HP: 131/131 MP: 0/0
 37574 | Swamp:3  | Learned a level 7 spell: Orb of Destruction
 38084 | Swamp:3  | Identified the +0 ring mail of Good Intentions {Dex+5}
 38244 | Swamp:4  | Entered Level 4 of the Swamp
 38356 | Swamp:4  | Reached skill level 18 in Dodging
 38368 | Swamp:4  | Killed by miscasting Orb of Destruction

Illustrated notes

Levels and vault maps discovered:
D:1:      dpeg_arrival_boxes_within_box, layout_basic, hex_intersection
D:2:      layout_basic, grunt_ministairs_13, minmay_misc_feat_ornament,
          supply_closet_lemuel, uniq_sigmund, uniq_jessica
D:3:      minmay_bubble_buster, layout_basic, nemelex_spade_bored_becter,
          shapermc_ecumenical_altar_rom_forum
D:4:      layout_loops_ring, uniq_natasha, uniq_crazy_yiuf_cottage
D:5:      layout_gridville, minmay_temple_entry_from_below_a
D:6:      minmay_chambers_of_sixes, layout_loops_corners,
          mainiacjoe_overflow_cross_hatched, biasface_ghost_orc_armoury,
          nicolae_underground_beach
D:7:      layout_loops_ring, overflow_temple_1_default, the_hattery
D:8:      layout_cave_pools, roderic_batcave, chequers_serial_rivers_large_a,
          kennysheep_generic_room_7
D:9:      layout_roguey, mainiacjoe_overflow_tiny_flanked
D:10:     layout_layer_cave, uniq_joseph
D:11:     layout_basic, david_lair_generic, nicolae_trove_entry_crossroad,
          eino_house_with_fridge, uniq_snorg, uniq_sonja, uniq_erica,
          uniq_josephine
D:12:     layout_irregular_city, kennysheep_orc_monster_closet_entryway,
          kennysheep_four_rooms
D:13:     layout_irregular_city, david_vaults_1, serial_shops,
          kennysheep_little_box
D:14:     layout_basic, serial_shops, freezing_bzr, serial_bayou_lagoon_a,
          nicolae_take_the_stairs, minmay_misc_feat_enclosed
D:15:     hangedman_depths_entry_civil_slaughter, layout_loops_ring,
          portal_ice_cave_entry_frozen_things, fountainhead,
          gammafunk_ghost_berserking_beasts, serial_ice, serial_ice_n,
          serial_ice_f, serial_ice_k, serial_ice_e
Temple:   regret_index_temple_mists
Lair:1:   layout_misc_corridors, enter_volcano_4
Lair:2:   layout_gridlike, guppyfry_snake_entry_garden
Lair:3:   nzn_winding_woodlands_large [nzn_winding_woodlands_hourglass,
          nzn_winding_woodlands_5x15_zeroes,
          nzn_winding_woodlands_5x5_checkerboard,
          nzn_winding_woodlands_center_garden,
          nzn_winding_woodlands_15x15_boxy_spiral,
          nzn_winding_woodlands_center_diamonds,
          nzn_winding_woodlands_5x5_default, nzn_winding_woodlands_5x15_crooked,
          nzn_winding_woodlands_5x5_open_star], layout_loops_ring,
          gammafunk_ghost_ooze, kennysheep_abandoned_house
Lair:4:   hangedman_what_comes_after_a, layout_long_grid,
          nicolae_swamp_entry_splash_gauntlet, serial_bayou_lagoon_b
Lair:5:   layout_regular_city, hangedman_lair_generics_rect
Lair:6:   hangedman_lair_tendril_chambers, layout_regular_city,
          hangedman_lair_caniforms_friends, slime_altar_1, hibernation_bobbens
Swamp:1:  layout_falls_marsh, evilmike_swamp_ruin_rubble_2,
          nicolae_swamp_necromancer_hut, uniq_nikola
Swamp:2:  layout_basic_swamp, evilmike_swamp_ruin_house_4, hangedman_swamp_pad,
          swamp_pool1, hangedman_swamp_double_dragon
Swamp:3:  layout_basic_swamp, evilmike_swamp_ruin_wall, swamp_pool1
Swamp:4:  nzn_swamp_witches_coven, layout_basic_swamp, swamp_pool3,
          grunt_witch_cave
Snake:1:  layout_onion, hellmonk_ghost_happy_afterlife,
          nicolae_snake_serpentine_bazaar, uniq_frances
Orc:1:    layout_diamond_mine, mines2_david
Orc:2:    st_orc_ogre_mass, layout_diamond_mine, ebering_ghost_xom

Skill      XL: |  1  2  3  4  5  6  7  8  9 10 11 12 13 14 15 16 17 18 19 |
---------------+----------------------------------------------------------+-----
Spellcasting   | 3 5 6 8 10 12 | 12.9
Fighting       | 8 10 | 10.8
Stealth        | 4 |  4.5
Shields        | 4 5 8 11 12 13 14 | 14.1
Dodging        | 8 10 12 14 15 17 18 | 18.0
Armour         | 6 9 10 12 13 14 | 14.0
Evocations     | 2 |  2.3
Invocations    | 8 |  8.0

Action                   |  1- 3 |  4- 6 |  7- 9 | 10-12 | 13-15 | 16-18 | 19-21 || total
-------------------------+-------+-------+-------+-------+-------+-------+-------++-------
Melee: Short sword       |     1 |       |       |       |       |       |       ||     1
       Scythe            |       |     6 |     1 |       |       |       |       ||     7
       Quarterstaff      |       |       |     5 |       |       |       |       ||     5
       Scimitar          |       |       |       |     2 |     2 |       |       ||     4
       Staff             |       |       |       |       |       |     3 |       ||     3
Throw: Dart              |       |       |       |     1 |       |       |       ||     1
 Cast: Foxfire           |    58 |    54 |   137 |   145 |   453 |   128 |     1 ||   976
       Scorch            |     8 |    13 |    59 |    48 |   104 |    13 |       ||   245
       Inner Flame       |       |     3 |    25 |    19 |    54 |    18 |       ||   119
       Flame Wave        |       |     2 |     2 |     3 |    26 |     3 |       ||    36
       Mephitic Cloud    |       |       |    10 |     8 |    48 |     7 |       ||    73
       Conjure Flame     |       |       |     9 |     8 |     2 |       |       ||    19
       Iskenderun's Myst |       |       |     2 |     5 |    78 |    80 |       ||   165
       Agony             |       |       |       |     2 |    19 |     7 |       ||    28
       Metabolic Englaci |       |       |       |       |    16 |     1 |       ||    17
       Freeze            |       |       |       |       |     7 |    13 |       ||    20
       Starburst         |       |       |       |       |   145 |   513 |    22 ||   680
       Corpse Rot        |       |       |       |       |       |     3 |       ||     3
       Summon Cactus Gia |       |       |       |       |       |    21 |       ||    21
       Orb of Destructio |       |       |       |       |       |       |    26 ||    26
Evoke: Wand              |       |       |       |       |     2 |       |       ||     2
       Tin of tremorston |       |       |       |       |     2 |       |       ||     2
  Use: Scroll            |       |       |    11 |     7 |    15 |     7 |       ||    40
       Potion            |       |       |       |     2 |       |       |       ||     2
 Stab: Sleeping          |     1 |     2 |       |     1 |       |     1 |       ||     5
       Confused          |       |       |       |       |       |     1 |       ||     1
Armor: Robe              |       |     4 |     6 |     1 |       |     4 |       ||    15
       Steam dragon scal |       |       |       |    11 |    20 |       |       ||    31
       Ring mail         |       |       |       |       |    99 |       |       ||    99
       Scale mail        |       |       |       |       |     2 |       |       ||     2
       Troll leather arm |       |       |       |       |       |    26 |       ||    26
Dodge: Dodged            |     2 |     7 |     9 |    16 |   156 |   179 |     5 ||   374
Block: Buckler           |       |       |       |    15 |    36 |    48 |     4 ||   103
       Kite shield       |       |       |       |       |    57 |    45 |       ||   102
